 Dungeon Crawl Stone Soup version 0.32-a0-427-g448f42529f (webtiles) character file.

Game seed: 3275643071380458450

4806 Gargoyl the Protected (level 10, 0/94 HPs)
             Began as a Gargoyle Berserker on Feb 22, 2024.
             Was a Priest of Trog.
             Killed from afar by an ice statue (24 damage)
             ... with a freezing blast
             ... in a Gauntlet.
             The game lasted 00:10:30 (7238 turns).

Gargoyl the Protected (Gargoyle Berserker)          Turns: 7238, Time: 00:10:31

Health: 0/94       AC: 23    Str: 21    XL:     10   Next: 48%
Magic:  10/10      EV:  8    Int:  8    God:    Trog [***...]
Gold:   177        SH:  0    Dex: 17    Spells: 9/9 levels left

rFire   + . .        z - +2 hand axe (elec)
rCold   . . .        (no shield)
rNeg    + . .        H - +0 plate armour
rPois   ∞            (no helmet)
rElec   +            (no cloak)
rCorr   .            d - +1 pair of gloves
SInv    .            (no boots)
Will    +++..        (no amulet) Stlth
                     b - ring "Jafueg" {rF+ Dex+4}
HPRegen 1.35/turn    o - ring of willpower
MPRegen 0.12/turn

%: no teleportation
@: berserking, strong-willed, regenerating, very quick
A: sickness immunity, AC +7, negative energy resistance 1, electricity
resistance, torment resistance 1, petrification resistance
a: Renounce Religion, Berserk, Trog's Hand


You were in a Gauntlet.
You worshipped Trog.
Trog was most pleased with you.
You visited 2 branches of the dungeon, and saw 9 of its levels.
You also visited: Gauntlet.

You collected 408 gold pieces.
You spent 231 gold pieces at shops.

Inventory:

Hand Weapons
 h - the +1 mace "Fycsosod" {antimagic, rElec}
   (You found it on level 2 of the Dungeon)

   rElec:     It insulates you from electricity.
 s - a +0 hand axe of electrocution
 z - a +2 hand axe of electrocution (weapon)
 B - a +0 war axe of flaming
Missiles
 a - 8 boomerangs
 n - 28 poisoned darts (quivered)
 F - a throwing net
Armour
 d - a +1 pair of gloves (worn)
 H - a +0 plate armour (worn)
Jewellery
 b - the ring "Jafueg" (left hand) {rF+ Dex+4}
   (You acquired it on level 5 of the Dungeon)

   [ring of protection from fire]

   Dex+4:     It affects your dexterity (+4).
   rF+:       It protects you from fire.
 o - a ring of willpower (right hand)
 y - a ring of protection from fire
Wands
 m - a wand of paralysis (20)
 v - a wand of iceblast (16)
 D - a wand of flame (19)
 E - a wand of mindburst (20)
Scrolls
 g - 9 scrolls of teleportation
 i - a scroll of revelation
 p - 2 scrolls of poison
 u - 2 scrolls of fog
 w - a scroll of brand weapon
 A - 2 scrolls of vulnerability
Potions
 c - a potion of invisibility
 e - 2 potions of heal wounds
 j - 2 potions of haste
 l - a potion of mutation
 q - 2 potions of attraction {unknown}
 r - 2 potions of curing {unknown}
 t - a potion of might {unknown}
 x - 2 potions of lignification {unknown}
 C - 2 potions of berserk rage {unknown}
 G - a potion of degeneration {unknown}


   Skills:
 + Level 7.5 Fighting
 + Level 8.2(8.8) Axes
 + Level 5.4(7.9) Maces & Flails
 + Level 0.8 Throwing
 + Level 8.9 Armour
 + Level 4.2 Dodging
 + Level 1.5 Stealth


You had 9 spell levels left.
You didn't know any spells.
Your spell library was empty.

Dungeon Overview and Level Annotations

Branches:
Dungeon (8/15)             Temple (0/1) D:7            Lair (1/5) D:8
Gauntlet (1/1)

Altars:
Dithmenos
Fedhas
Gozag
Makhleb
Ru
Sif Muna
Xom
Yredelemnul
Zin
The Shining One

Shops:
D:5 (**

Annotations:
D:6 3 runed translucent doors, Snipperlap's ghost, novice GnWn Gauntlet 3 transporters, exclusion: ice statue


Innate Abilities, Weirdness & Mutations

You are immune to sickness and miasma.
Your stone body is resilient. (AC +7)
You are immune to poison.
You resist negative energy. (rN+)
You are resistant to electric shocks. (rElec)
You are resistant to unholy torment.
You are immune to petrification.


Message History

The ice beast disappears in a puff of smoke!
Unknown command.
You slash the ice statue!
The ice statue is heavily damaged.
Unknown command.
You hit the ice statue but do no damage.
The ice statue is heavily damaged.
Unknown command.
You slash the ice statue!
The ice statue is heavily damaged.
Unknown command.
You slash the ice statue!
The ice statue is severely damaged.
The ice statue gestures.
Unknown command.
You hit the ice statue.
The ice statue is severely damaged.
Unknown command.
You hit the ice statue.
The ice statue is almost destroyed.
Unknown command.
You hit the ice statue.
The ice statue is almost destroyed.
You hit the ice beast.
Lightning courses through the ice beast!!
The ice statue gestures at you. The bolt of cold hits you.
* * * LOW HITPOINT WARNING * * *
You hit the ice statue but do no damage.
The ice statue is almost destroyed.
You hit the ice beast but do no damage.
Lightning courses through the ice beast!
You kill the ice beast!
The ice beast disappears in a puff of smoke!
Unknown command.
You slash the ice statue!
The ice statue is almost destroyed.
The ice statue gestures at you. The freezing blast engulfs you!!
You die...

## ## ## #
##≈###≈###≈###≈## ≈#
≈≈≈#≈≈≈#≈≈≈#≈≈≈#≈≈≈
#≈.................
##...##############
##≈...#..☼##@I#ß©ß##
#≈≈∩..###...#§#...##
#≈...#..#..#}#...#4
##..©#..#©#§©#©.©#.
##≈...#.#..#..#####.
#≈≈∩..#.#...###...##
##≈...#..##...#.ß.##
##...#########...##
#≈................


You could see an ice statue and a rust devil.

Vanquished Creatures
  2 rime drakes (Gauntlet)
  An unseen horror (D:8)
  A komodo dragon (D:8)
  A hornet (D:7)
  Grinder (D:5)
  Prince Ribbit (D:8)
  A wyvern (D:8)
  Eustachio (D:6)
  2 water moccasins (D:8)
  2 ice beasts
  A black bear (D:8)
  An ogre (D:4)
  A centaur (D:6)
  2 phantoms (D:5)
  A kobold brigand (D:7)
  4 bullfrogs
  4 scorpions
  4 wights (D:7)
  5 killer bees (D:6)
  A howler monkey (D:6)
  6 hounds
  A jelly (D:4)
  4 orc priests
  A gnoll bouda (D:8)
  Terence (D:2)
  An iguana (D:8)
  A sleepcap (D:7)
  Natasha (D:2)
  4 orc wizards
  8 adders
  14 gnolls
  2 shadow imps
  2 white imps
  An adder zombie (D:2)
  2 dart slugs
  2 ribbon worms
  24 orcs
  2 bat zombies (D:2)
  7 endoplasms
  13 goblins
  9 hobgoblins
  4 jackals
  9 kobolds
  6 quokkas
  5 ball pythons
  A ball python zombie (D:2)
  5 bats
  3 frilled lizards
  2 quokka skeletons (D:2)
  5 rats
183 creatures vanquished.

Notes
Turn   | Place    | Note
-------+----------+-------------------------------------------
     0 | D:1      | Gargoyl the Gargoyle Berserker began the quest for the Orb.
     0 | D:1      | Reached XP level 1. HP: 14/14 MP: 1/1
   246 | D:1      | Reached XP level 2. HP: 16/19 MP: 2/2
   436 | D:1      | Reached XP level 3. HP: 24/24 MP: 3/3
   530 | D:1      | Found a faded altar of an unknown god.
   710 | D:2      | Reached ** piety under Trog
   837 | D:2      | Identified the +1 mace "Fycsosod" {antimagic, rElec}
   850 | D:2      | Reached XP level 4. HP: 25/29 MP: 1/4
  1234 | D:2      | Noticed Natasha
  1234 | D:2      | Noticed Terence
  1239 | D:2      | Killed Terence
  1240 | D:2      | Reached XP level 5. HP: 34/34 MP: 1/5
  1245 | D:2      | Killed Natasha
  1246 | D:2      | Reached skill level 1 in Maces & Flails
  1271 | D:2      | Identified the +3 dagger "Gegom" {pain, rF+ Dex+3}
  1434 | D:3      | Reached XP level 6. HP: 36/39 MP: 2/6
  1435 | D:3      | Reached *** piety under Trog
  1861 | D:3      | Paralysed by a goblin for 5 turns
  2077 | D:3      | Found a shimmering altar of Xom.
  2226 | D:4      | Found a basalt altar of Yredelemnul.
  2334 | D:4      | Reached XP level 7. HP: 44/44 MP: 2/7
  2351 | D:4      | Reached skill level 5 in Fighting
  2443 | D:4      | Reached skill level 1 in Stealth
  2619 | D:4      | Found a shimmering blue altar of Sif Muna.
  2963 | D:5      | Entered Level 5 of the Dungeon
  3098 | D:5      | Found Hidabo's Weapon Emporium.
  3105 | D:5      | Bought a +0 war axe for 49 gold pieces
  3144 | D:5      | Noticed Grinder
  3174 | D:5      | Killed Grinder
  3175 | D:5      | Reached skill level 5 in Maces & Flails
  3175 | D:5      | Reached skill level 5 in Armour
  3175 | D:5      | Reached XP level 8. HP: 39/50 MP: 2/8
  3274 | D:5      | Found Jikiaxeuz's General Store.
  3277 | D:5      | Bought a scroll of teleportation for 42 gold pieces
  3277 | D:5      | Bought 5 boomerangs for 140 gold pieces
  3340 | D:5      | Found Eteryba's Assorted Antiques.
  3346 | D:5      | Identified a scroll of acquirement
  3346 | D:5      | Acquired the ring "Jafueg" {rF+ Dex+4}
  3650 | D:6      | Noticed Eustachio
  3654 | D:6      | Killed Eustachio
  3840 | D:6      | Reached skill level 5 in Axes
  3863 | D:6      | Found a runed translucent gate.
  3864 | D:6      | Found a runed translucent gate.
  3865 | D:6      | Found a runed translucent gate.
  3867 | D:6      | Found an opulent altar of Gozag.
  3868 | D:6      | Noticed Snipperlap's ghost (novice GnWn)
  3869 | D:6      | Noticed a two-headed ogre
  3869 | D:6      | Noticed a slime creature
  4008 | D:6      | Reached XP level 9. HP: 55/55 MP: 9/9
  4617 | D:7      | Found a burning altar of Makhleb.
  4618 | D:7      | Found a sacrificial altar of Ru.
  4722 | D:7      | Noticed a hornet
  4744 | D:7      | Killed a hornet
  5208 | D:7      | Found a staircase to the Ecumenical Temple.
  5266 | D:7      | Found a blossoming altar of Fedhas.
  5608 | D:8      | Noticed Prince Ribbit
  5651 | D:8      | Killed Prince Ribbit
  5687 | D:8      | Killed an unseen horror
  5688 | D:8      | Reached XP level 10. HP: 19/63 MP: 10/10
  5967 | D:8      | Found a staircase to the Lair.
  5973 | D:8      | HP: 1/63 [komodo dragon (4)]
  5975 | D:8      | Found a glowing golden altar of the Shining One.
  6569 | D:8      | Found a shadowy altar of Dithmenos.
  6616 | D:8      | Noticed an angel
  6617 | D:8      | Found a glowing silver altar of Zin.
  6985 | Lair:1   | Entered Level 1 of the Lair of Beasts
  7021 | Lair:1   | Found a gate leading to a gauntlet.
  7030 | Gauntlet | Entered a Gauntlet
  7030 | Gauntlet | Found a transporter.
  7033 | Gauntlet | Found a transporter.
  7033 | Gauntlet | Found a transporter.
  7034 | Gauntlet | Found a transporter.
  7042 | Gauntlet | Noticed an ice statue
  7219 | Gauntlet | Noticed a rust devil
  7238 | Gauntlet | Killed from afar by an ice statue

Illustrated notes

Levels and vault maps discovered:
D:1:      tarquinn_simple_flora_water_f, layout_basic,
          shapermc_ecumenical_altar_mp_vishouse
D:2:      layout_rooms, dilly_guarded_unrand_morg, uniq_terence
D:3:      layout_basic, marbit_many_paths
D:4:      layout_loops_cross, yredelemnul_altar_generic, led_sif_book
D:5:      layout_basic, serial_shops, shop, kennysheep_mini,
          nicolae_shop_behind_doors, minmay_misc_feat_doors, uniq_grinder
D:6:      layout_loops_ring, ebering_ghost_gozag, ebering_dispersal_statue_hall,
          columned_hall_lemuel, uniq_eustachio
D:7:      layout_gridville, overflow_temple_1_default, nicolae_overflow_squiral,
          minmay_temple_entry_poolview
D:8:      layout_rooms, mainiacjoe_overflow_24_doors, zin_angel,
          mainiacjoe_overflow_tiny_flanked, david_lair_shrubbed,
          uniq_prince_ribbit1
Lair:1:   layout_gridlike, gauntlet_entry_generic, serial_bayou_shore_b,
          uniq_amaemon
Gauntlet: gammafunk_gauntlet_77_escape_option
          [minmay_gauntlet_arena_77_squiggly, minmay_gauntlet_arena_77_cramped,
          minmay_gauntlet_arena_77_tiled_triplets,
          minmay_gauntlet_arena_77_two_paths,
          minmay_gauntlet_arena_77_hold_the_fort, gauntlet_exit_watery]

Skill      XL: |  1  2  3  4  5  6  7  8  9 10 |
---------------+-------------------------------+-----
Axes           | 3 4 5 7 8 |  8.2
Fighting       | 4 5 6 7 |  7.5
Dodging        | 2 3 4 |  4.2
Maces & Flails | 2 3 5 |  5.4
Armour         | 3 5 6 7 8 |  8.9
Stealth        | 1 |  1.5
Throwing       | |  0.8

Action                     |  1- 3 |  4- 6 |  7- 9 | 10-12 || total
---------------------------+-------+-------+-------+-------++-------
  Melee: Hand axe          |    74 |       |   251 |   124 ||   449
         Mace              |     2 |   220 |    25 |       ||   247
  Throw: Dart              |       |       |     8 |       ||     8
 Invoke: Berserk           |       |     5 |     5 |     3 ||    13
         Trog's Hand       |       |     2 |     8 |     1 ||    11
    Use: Scroll            |     2 |       |     9 |     8 ||    19
 Armour: Animal skin       |    51 |       |       |       ||    51
         Ring mail         |     5 |   164 |    47 |       ||   216
         Chain mail        |       |       |   263 |    54 ||   317
         Plate armour      |       |       |       |    50 ||    50
  Dodge: Dodged            |    60 |   152 |   161 |    48 ||   421

Table legend: (Time is in decaauts)
 A = Elapsed time spent in this place.
 B = Non-inter-level travel time spent in this place.
 C = Inter-level travel time spent in this place.
 D = Time resting spent in this place.
 E = Time spent auto-exploring this place.
 F = Levels seen in this place.
 G = Mean time per level.
                   A        B        C        D        E       F      G
               +--------+--------+--------+--------+--------+-----+--------+
         Total |   7380 |   7094 |    286 |    673 |   4575 |  10 |  738.0 |
       Dungeon |   7130 |   6860 |    270 |    499 |   4575 |   8 |  891.2 |
          Lair |     43 |     27 |     16 |      0 |      0 |   1 |   43.0 |
      Gauntlet |    206 |    206 |      0 |    173 |      0 |   1 |  206.0 |
               +--------+--------+--------+--------+--------+-----+--------+

Top non-repeatable levels by time:
     D:8: 1386 daAuts
     D:7: 1155 daAuts
     D:3: 902 daAuts
     D:4: 839 daAuts
     D:6: 811 daAuts
     D:1: 695 daAuts
     D:5: 694 daAuts
     D:2: 645 daAuts
Gauntlet: 206 daAuts
  Lair:1: 43 daAuts
